 Dungeon Crawl Stone Soup version 0.27.1-34-g3ba077fa99 (webtiles) character file.

Game seed: 11074059233362960309

1890 pkoi the Destroyer (level 8, -3/57 HPs)
             Began as a White Draconian Conjurer on Jan 26, 2022.
             Slain by an orc warrior (17 damage)
             ... on level 5 of the Dungeon.
             The game lasted 00:11:12 (8852 turns).

pkoi the Destroyer (White Draconian Conjurer)       Turns: 8852, Time: 00:11:12

Health: -3/57      AC:  6    Str:  9    XL:     8   Next: 92%
Magic:  10/14      EV: 12    Int: 21    God:
Gold:   256        SH:  0    Dex: 10    Spells: 6/16 levels left

rFire    . . .     SeeInvis .   i - +1 short sword (vorpal)
rCold    + . .     Faith    .   (no shield)
rNeg     . . .     Spirit   .   (armour unavailable)
rPois    .         Reflect  .   (helmet restricted)
rElec    .         Harm     .   r - scarf {+Inv}
rCorr    .         Rampage  .   (no gloves)
Will     .....                  (no boots)
Stlth    ++........             (no amulet)
HPRegen  0.19/turn              (no ring)
MPRegen  0.14/turn              (no ring)

@: no status effects
A: breathe frost, AC +6, unfitting armour, cold resistance 1, cold-blooded
a: Breathe Frost, Evoke Invisibility


You were on level 5 of the Dungeon.
You visited 1 branch of the dungeon, and saw 6 of its levels.

You collected 256 gold pieces.

Inventory:

Hand Weapons
 a - a +0 trident
 i - a +1 vorpal short sword (weapon)
Missiles
 e - 2 throwing nets
Armour
 m - a +0 tower shield
 r - a scarf of invisibility (worn)
 s - a +1 pair of boots
Jewellery
 q - a ring of protection from cold
Scrolls
 b - 5 scrolls of identify
 c - 2 scrolls of enchant weapon
 d - 3 scrolls of teleportation
 g - a scroll of fog
 h - 3 scrolls of enchant armour
 o - a scroll of blinking
Potions
 f - 4 potions of heal wounds {unknown}
 l - 2 potions of ambrosia {unknown}
 n - 2 potions of curing


   Skills:
 - Level 1.7 Dodging
 - Level 1.7 Stealth
 - Level 4.5 Spellcasting
 + Level 10.6 Conjurations
 - Level 3.8 Translocations


You had 6 spell levels left.
You knew the following spells:

 Your Spells              Type           Power      Damage    Failure   Level
a - Magic Dart            Conj           100%       1d8       1%          1
b - Searing Ray           Conj           98%        3d7       1%          2
c - Blink                 Tloc           N/A        N/A       3%          2
d - Iskenderun's Battles  Conj           49%        2d10      4%          5

Your spell library contained the following spells:

 Spells                   Type           Power      Damage    Failure   Level
 Static Discharge         Conj/Air       27%        N/A       1%          2
 Dazzling Flash           Conj/Hex       54%        N/A       3%          3
 Iskenderun's Mystic Bla  Conj/Tloc      35%        2d8       6%          4
 Fulminant Prism          Conj/Hex       13%        3d9       13%         4
 Corpse Rot               Necr/Air       N/A        N/A       17%         2
 Manifold Assault         Tloc           20%        N/A       54%         5
 Dispel Undead            Necr           4%         3d7       75%         4
 Death Channel            Necr           2%         N/A       100%        6
 Spellforged Servitor     Conj/Summ      13%        N/A       100%        7
 Storm Form               Tmut/Air       2%         N/A       100%        7
 Fire Storm               Conj/Fire      13%        8d4       100%        9


Dungeon Overview and Level Annotations

Branches:
Dungeon (6/15)             Temple (0/1) D:6

Altars:
Trog

Shops:
D:3 (?

Annotations:
D:4 Pikel


Innate Abilities, Weirdness & Mutations

You can breathe waves of freezing cold which knock back foes.
Your icy white scales are hard. (AC +6)
You cannot fit into any form of body armour.
Your flesh is cold resistant. (rC+)
You are cold-blooded and may be slowed by cold attacks.


Message History

There is a stone staircase leading down here.
You climb downwards.
The centaur hits you. The centaur kicks you. The centaur barely misses you.
The centaur misses you.
The centaur hits you but does no damage.
The centaur kicks you but does no damage.
Found 15 gold pieces.
There is a stone staircase leading up here.
Unknown command.
The centaur barely misses you. The centaur misses you.
The orc warrior hits you with a +0 dire flail!!
You climb upwards.
There is a stone staircase leading down here.
Unknown command.
The centaur closely misses you.
The centaur kicks you but does no damage.
The centaur hits you. The centaur barely misses you.
The centaur wields a +0 shortbow.
The centaur shoots an arrow.
The arrow hits you!
* * * LOW HITPOINT WARNING * * *
The orc warrior misses you.
Casting: Searing Ray (safe; 1% risk of failure)
Confirm with . or Enter, or press ? or * to list all spells.
Aiming: Searing Ray (safe; 1% risk of failure)
Press: ? - help, Shift-Dir - straight line, f - orc warrior
Aim: an orc warrior, wielding a +0 dire flail and wearing a +0 chain mail (81% to hit)
The searing ray hits the orc warrior!
The orc warrior is moderately wounded.
The searing ray hits the centaur!
The centaur is heavily wounded. (Press . to maintain the ray.)
The searing ray misses the orc warrior.
The searing ray hits the centaur!
The centaur is almost dead.
The orc warrior hits you with a +0 dire flail.
* * * LOW HITPOINT WARNING * * *
The searing ray hits the orc warrior!
The orc warrior is severely wounded.
The searing ray hits the centaur!
You kill the centaur!
The orc warrior hits you with a +0 dire flail!
You die...

### ### ###
#.####.#########.########
#........#...............
#.####.#.#.#####.##.#####
#............# #.##.#
#..#.#.#@#.#.###.##.#
#..#.#.#o#.#.#....#.#
#......#)#...#.####.#
#.##.###.#####.####.#####
#.##.#..............#....
#.##.#.>.................
#.##.#.).##########.#.###
#.##.#...# ##### ###.# #
#.##.#..)###...######.###


You could see an orc warrior.

Vanquished Creatures
  A wyvern (D:5)
  2 water moccasins (D:5)
  A hornet zombie (D:6)
  A sky beast (D:6)
  3 ogres
  2 centaurs
  2 phantoms
  4 lemures (D:4)
  A bullfrog (D:6)
  A gnoll sergeant (D:6)
  A scorpion (D:4)
  A water moccasin skeleton (D:5)
  3 killer bees (D:5)
  A bullfrog zombie (D:5)
  An orc priest (D:5)
  A centaur skeleton (D:5)
  An iguana (D:5)
  8 orc wizards
  A howler monkey zombie (D:5)
  6 gnolls
  4 adders
  A shadow imp (D:5)
  An ufetubus (D:6)
  An adder zombie (D:5)
  A worm (D:5)
  2 dart slugs
  9 orcs
  2 endoplasms (D:2)
  4 giant cockroaches
  2 goblins
  8 hobgoblins
  2 kobolds
  5 quokkas
  3 ball pythons
  6 bats
  3 frilled lizards (D:2)
  6 rats
102 creatures vanquished.

Notes
Turn   | Place    | Note
-------+----------+-------------------------------------------
     0 | D:1      | pkoi the Draconian Conjurer began the quest for the Orb.
     0 | D:1      | Reached XP level 1. HP: 14/14 MP: 3/3
   911 | D:1      | Found a faded altar of an unknown god.
  1337 | D:2      | Reached XP level 2. HP: 20/20 MP: 1/5
  1955 | D:2      | Reached XP level 3. HP: 26/26 MP: 4/6
  2175 | D:2      | Reached skill level 5 in Conjurations
  2342 | D:2      | You fall into a shaft and drop 1 floor!
  2517 | D:2      | Learned a level 2 spell: Searing Ray
  2520 | D:2      | Learned a level 2 spell: Blink
  2550 | D:3      | Found Veyholag's Magic Scroll Emporium.
  2631 | D:3      | Reached XP level 4. HP: 33/33 MP: 3/7
  3181 | D:3      | Found Etupiak's Antique Weapon Shop.
  3367 | D:4      | Noticed a scorpion
  3374 | D:4      | Killed a scorpion
  3375 | D:4      | Reached skill level 1 in Translocations
  3375 | D:4      | Reached XP level 5. HP: 36/38 MP: 0/9
  4077 | D:4      | Noticed a lemure
  4095 | D:4      | Killed a lemure
  4747 | D:4      | Noticed a lemure
  4748 | D:4      | Noticed a lemure
  4748 | D:4      | Noticed a lemure
  4748 | D:4      | Noticed Pikel
  4761 | D:4      | Killed a lemure
  4761 | D:4      | Killed a lemure
  4900 | D:4      | Reached skill level 6 in Conjurations
  5108 | D:4      | Reached XP level 6. HP: 45/45 MP: 5/11
  5961 | D:5      | Entered Level 5 of the Dungeon
  6435 | D:5      | Your scales start taking on an icy white colour.
  6435 | D:5      | Reached XP level 7. HP: 50/50 MP: 6/12
  6435 | D:5      | Gained mutation: Your flesh is cold resistant. (rC+) [White
                  | Draconian growth]
  6497 | D:5      | Reached skill level 7 in Conjurations
  6695 | D:5      | Noticed a wyvern
  6706 | D:5      | Killed a wyvern
  7061 | D:5      | Identified a scroll of acquirement
  7061 | D:5      | Acquired the Handbook of the Penguin
  7144 | D:5      | Learned a level 5 spell: Iskenderun's Battlesphere
  7389 | D:5      | Found a bloodstained altar of Trog.
  7414 | D:5      | Reached skill level 8 in Conjurations
  7414 | D:5      | Reached XP level 8. HP: 44/57 MP: 5/14
  8031 | D:6      | Reached skill level 9 in Conjurations
  8296 | D:6      | Reached skill level 10 in Conjurations
  8662 | D:6      | Found a staircase to the Ecumenical Temple.
  8852 | D:5      | Slain by an orc warrior

Illustrated notes

Levels and vault maps discovered:
D:1:      lemuel_arrival_rhombus, layout_basic,
          hellmonk_ecumenical_altar_inner_sanctum, serial_co_window_serial,
          co_window_corner_a, co_window_of_opportunity_a, co_window_corner_a,
          co_window_paths_b, co_window_of_opportunity_a, co_window_paths_a,
          co_window_corner_a, co_window_of_opportunity_a, co_window_corner_a,
          co_window_unsneaky_path_b, co_window_paths_c, co_window_2corner,
          glass_columns_c
D:2:      layout_basic
D:3:      layout_loops_ring, serial_shops, shop, shop
D:4:      layout_basic, uniq_pikel
D:5:      layout_basic, trog_book, kennysheep_decorative_pillar,
          nrook_mini_backslash
D:6:      layout_basic, minmay_temple_entry_sparse_star, serial_shops, shop

Skill      XL: |  1  2  3  4  5  6  7  8 |
---------------+-------------------------+-----
Conjurations   | 5 6 8 10 | 10.6
Translocations | 1 2 3 |  3.8
Spellcasting   | 3 4 |  4.5
Dodging        | |  1.7
Stealth        | |  1.7

Action                   |  1- 3 |  4- 6 |  7- 9 || total
-------------------------+-------+-------+-------++-------
Melee: Trident           |    22 |       |       ||    22
       Short sword       |       |     6 |    20 ||    26
       Tailslap          |       |     1 |       ||     1
 Cast: Magic Dart        |    75 |    38 |    20 ||   133
       Searing Ray       |       |    22 |    27 ||    49
       Blink             |       |     1 |       ||     1
       Iskenderun's Batt |       |       |     1 ||     1
 Abil: Breathe Frost     |       |       |     2 ||     2
  Use: Scroll            |       |       |    12 ||    12
 Stab: Sleeping          |       |     1 |       ||     1
Armor: Skin              |     8 |    10 |    25 ||    43
Dodge: Dodged            |    23 |    20 |    37 ||    80
